cohdb
Replays
Latest Replays
All Replays
Popular Replays
Top Player Replays
Match Explorer
How It Works
Community
CoH3 Stats
Reddit
Sign in to upload your games and track your stats! →
Sign in with Steam
Match 42415998
Unlisted
Match 42415998
Overview
Messages
Build Orders
End
Pioneer Squad
Construct Infanterie Kompanie
Grenadier Squad
Grenadier Squad
Grenadier Squad
Selects Mechanized Battlegroup
Selects Mechanized Battlegroup
Infanterie Officer Quarters
Grenadier Squad
Construct Luftwaffe Kompanie
221 Scout Car
Selects Raid Package
Jäger Squad
Flak 30 Anti-aircraft Gun Team
Monsieur Nathan
Pie-Eater
0
0
Comments
sign in to comment!
No comments posted yet!